 Dungeon Crawl Stone Soup version 0.31-a0-654-gbe3e110b4e (webtiles) character file.

Game seed: 16785831079132014148

17213 dondy the Devastator (level 12, -13/66 HPs)
             Began as a Gargoyle Earth Elementalist on Aug 29, 2023.
             Was an Elder of Vehumet.
             Mangled by a komodo dragon (20 damage)
             ... on level 2 of the Lair of Beasts.
             The game lasted 00:58:50 (16419 turns).

dondy the Devastator (Gargoyle Earth Elementalist) Turns: 16419, Time: 00:58:50

Health: -13/66     AC: 16    Str: 13    XL:     12   Next: 45%
Magic:  24/27      EV: 11    Int: 20    God:    Vehumet [****..]
Gold:   812        SH:  0    Dex: 10    Spells: 18/34 levels left

rFire   . . .        U - +8 whip "Snakebite" {venom, curare, rPois}
rCold   . . .        (no shield)
rNeg    + + +        J - +3 leather armour of Absolutism {rN+ rCorr SInv}
rPois   ∞            w - +0 helmet
rElec   +            (no cloak)
rCorr   +            s - +0 pair of gloves
SInv    +            (no boots)
Will    .....        K - amulet of the acrobat
Stlth   ++           p - ring of positive energy
HPRegen 0.31/turn    W - ring of resist corrosion
MPRegen 0.20/turn

%: acrobat
@: about to teleport
A: sickness immunity, AC +8, negative energy resistance 1, electricity
resistance, torment resistance 1, petrification resistance
a: Renounce Religion


You were on level 2 of the Lair of Beasts.
You worshipped Vehumet.
Vehumet was greatly pleased with you.
You visited 3 branches of the dungeon, and saw 13 of its levels.

You collected 812 gold pieces.

Inventory:

Hand Weapons
 H - a +3 dagger of pain
 U - the +8 whip "Snakebite" (weapon) {venom, curare, rPois}
   (You took it off Amaemon on level 9 of the Dungeon)

   rPois:     It protects you from poison
Missiles
 f - 36 poisoned darts
 l - 4 javelins
 N - 2 darts of dispersal
 P - a throwing net
 Q - 6 boomerangs
Armour
 s - a +0 pair of gloves (worn)
 w - a +0 helmet (worn)
 C - the +0 leather armour of the Rhinotaur {rPois MP+9}
   (You found it on level 5 of the Dungeon)

   rPois:     It protects you from poison MP+9: It affects your magic capacity
   (+9).
 J - the +3 leather armour of Absolutism (worn) {rN+ rCorr SInv}
   (You found it on level 6 of the Dungeon)

   rN+:       It protects you from negative energy.
   SInv:      It lets you see invisible.
   rCorr:     It protects you from acid and corrosion.
 O - +0 steam dragon scales
 X - a +0 troll leather armour
Jewellery
 a - a ring of protection from fire
 p - a ring of positive energy (left hand)
 t - a +6 ring of intelligence
 K - an amulet of the acrobat (around neck)
 T - a ring of flight
 W - a ring of resist corrosion (right hand)
Wands
 V - a wand of flame (5)
Scrolls
 d - 3 scrolls of fog {unknown}
 g - 11 scrolls of identify {unknown}
 i - 2 scrolls of blinking {unknown}
 m - a scroll of torment {unknown}
 o - a scroll of butterflies {unknown}
 q - a scroll of immolation {unknown}
 r - 5 scrolls of teleportation
 u - 3 scrolls of noise {unknown}
 y - 2 scrolls of amnesia {unknown}
 B - 2 scrolls of revelation {unknown}
 E - a scroll of enchant weapon {unknown}
 I - a scroll of vulnerability {unknown}
 R - 2 scrolls of enchant armour {unknown}
 Y - a scroll of silence {unknown}
Potions
 b - a potion of magic
 c - 4 potions of curing {unknown}
 e - 3 potions of brilliance {unknown}
 h - 5 potions of heal wounds {unknown}
 j - 4 potions of haste {unknown}
 k - a potion of lignification {unknown}
 n - 2 potions of attraction {unknown}
 v - 2 potions of ambrosia {unknown}
 x - a potion of berserk rage {unknown}
 z - 6 potions of enlightenment
 A - 2 potions of might {unknown}
 D - 3 potions of mutation {unknown}
 F - a potion of degeneration {unknown}
 Z - a potion of invisibility {unknown}
Miscellaneous
 S - a condenser vane


   Skills:
 - Level 4.0 Fighting
 - Level 2.0 Dodging
 - Level 4.0 Stealth
 + Level 11.5 Spellcasting
 + Level 15.1 Conjurations
 - Level 0.7 Transmutations
 - Level 8.0 Earth Magic


You had 18 spell levels left.
You knew the following spells:

 Your Spells              Type           Power      Damage    Failure   Level
a - Sandblast             Erth           86%        2d18      1%          1
b - Stone Arrow           Conj/Erth      100%       3d13      1%          3
c - Searing Ray           Conj           100%       2d8       0%          2
d - Fulminant Prism       Conj/Hex       20%        3d12      1%          4
e - Starburst             Conj/Fire      20%        6d7       13%         6

Your spell library contained the following spells:

 Spells                   Type           Power      Damage    Failure   Level
 Yara's Violent Unravell  Hex/Tmut       6%         3d5       41%         5
 Magic Dart               Conj           100%       1d8       0%          1
 Passwall                 Tmut/Erth      23%        N/A       1%          2
 Dazzling Flash           Conj/Hex       82%        N/A       1%          3
 Hailstorm                Conj/Ice       41%        3d10      1%          3
 Mephitic Cloud           Conj/Pois/Air  31%        N/A       1%          3
 Freeze                   Ice            44%        1d6       2%          1
 Ignite Poison            Fire/Tmut/Pois 12%        N/A       5%          3
 Frozen Ramparts          Ice            22%        1d4       6%          3
 Volatile Blastmotes      Fire/Tloc      22%        2d11      6%          3
 Sting                    Tmut/Pois      48%        1d5       7%          1
 Summon Small Mammal      Summ           44%        N/A       8%          1
 Call Imp                 Summ           22%        N/A       12%         2
 Petrify                  Tmut/Erth      28%        N/A       13%         4
 Call Canine Familiar     Summ           11%        N/A       22%         3
 Summon Guardian Golem    Hex/Summ       11%        N/A       22%         3
 Alistair's Intoxication  Tmut/Pois      8%         N/A       88%         5
 Maxwell's Capacitive Co  Air            5%         ∞         100%        8


Dungeon Overview and Level Annotations

Branches:
Dungeon (10/15)            Temple (1/1) D:4            Lair (2/5) D:9
    Orc (0/2) D:10
  Swamp: Lair:2-3    Shoals: Lair:2-3     Snake: Lair:2-3    Spider: Lair:2-3

Altars:
Ashenzari
Cheibriados
Dithmenos
Elyvilon
Fedhas
Gozag
Hepliaklqana
Kikubaaqudgha
Makhleb
Nemelex Xobeh
Okawaru
Qazlal
Ru
Sif Muna
Trog
Uskayaw
Vehumet
Wu Jian
Xom
Yredelemnul
Zin
The Shining One

Shops:
D:7 [

Annotations:
D:7 1 exclusion
Lair:1 1 runed translucent door, Swamplord's ghost, journeyman BaSu
Lair:2 1 transporter, exclusion: ice statue


Innate Abilities, Weirdness & Mutations

You are immune to sickness and miasma.
Your stone body is resilient. (AC +8)
You are immune to poison.
You resist negative energy. (rN+)
You are resistant to electric shocks. (rElec)
You are resistant to unholy torment.
You are immune to petrification.


Message History

You kill the wolf!
Vehumet accepts your kill.
You feel your power returning.
You start resting.
HP restored.
You start resting.
Magic restored.
You enter the shallow water.
Moving in this stuff is going to be slow.
There is a stone staircase leading down here.
You enter the shallow water.
Moving in this stuff is going to be slow.
There is a stone staircase leading down here.
Okay, then.
Okay, then.
This spell is quite dangerous to cast!
You start memorising the spell.
You continue memorising. x6
You finish memorising.
Spell assigned to 'e'.
You climb downwards.
Level annotation: 1 transporter, exclusion: ice statue The komodo dragon bites you!!
There is a stone staircase leading up here.
Casting: Stone Arrow (safe; 1% risk of failure)
Confirm with . or Enter, or press ? or * to list all spells.
Aiming: Searing Ray (safe; 0% risk of failure)
Press: ? - help, Shift-Dir - straight line, f - komodo dragon
Aim: a komodo dragon (87% to hit)
The searing ray hits the komodo dragon.
The komodo dragon is lightly wounded. (Press . to maintain the ray.)
The komodo dragon bites you!!
The searing ray hits the komodo dragon.
The komodo dragon is lightly wounded.
The komodo dragon bites you!!
* * * LOW HITPOINT WARNING * * *
Unknown command.
Okay, then.
As you read the scroll of teleportation, it crumbles to dust.
You feel strangely unstable. The komodo dragon bites you!!
You die...

###### # #
###P!#.##.#.P#
#......†.....#
#..!.l@.......
#.....(†......
#.............+
##...........[#
♣
#.............
.
#............#
♣
#....[.......#
♣
.............#
. .


You could see a komodo dragon.

Vanquished Creatures
  Erolcha (D:9)
  A two-headed ogre (D:10)
  Nergalle (Lair:2)
  Amaemon (D:9)
  A black mamba (Lair:1)
  2 cane toads (Lair:1)
  A rime drake (D:9)
  An unseen horror (D:10)
  An orange demon (D:9)
  Maggie (D:8)
  The ghost of gabibbone the Sneak, a novice OpSh of Sif Muna (D:5)
  3 trolls
  A hornet (D:9)
  2 polar bears
  2 wraiths (D:9)
  A wyvern (Lair:1)
  Grum (D:9)
  31 yaks
  A steam dragon (D:4)
  Menkaure (D:6)
  3 hell hounds (D:10)
  6 water moccasins
  2 orc warriors
  A black bear (D:6)
  9 ice beasts
  A sky beast (D:7)
  5 ogres
  11 wolves
  6 centaurs
  A bullfrog (Lair:1)
  2 kobold brigands
  3 scorpions
  8 wights
  8 killer bees
  4 electric eels
  5 howler monkeys
  A crimson imp (D:4)
  A hound (D:6)
  4 orc priests
  A sleepcap (D:7)
  2 jellies
  6 orc wizards
  Robin (D:2)
  13 adders
  12 gnolls
  2 white imps
  4 worms
  3 dart slugs
  31 orcs
  17 ball pythons
  3 bats
  8 endoplasms
  4 giant cockroaches
  28 goblins
  A hobgoblin (D:3)
  3 quokkas
  A frilled lizard (D:1)
  21 kobolds
  6 rats
303 creatures vanquished.

Vanquished Creatures (others)
  6 fulminant prisms
6 creatures vanquished.

Grand Total: 309 creatures vanquished

Notes
Turn   | Place    | Note
-------+----------+-------------------------------------------
     0 | D:1      | dondy the Gargoyle Earth Elementalist began the quest for
                  | the Orb.
     0 | D:1      | Reached XP level 1. HP: 10/10 MP: 3/3
   126 | D:1      | Reached XP level 2. HP: 15/15 MP: 1/5
   589 | D:1      | You fall into a shaft and drop 1 floor!
   595 | D:2      | Reached XP level 3. HP: 19/19 MP: 4/6
   597 | D:2      | Reached skill level 5 in Earth Magic
   601 | D:2      | Learned a level 3 spell: Stone Arrow
   728 | D:2      | Reached skill level 1 in Conjurations
  1237 | D:2      | Reached skill level 2 in Conjurations
  1322 | D:2      | Reached XP level 4. HP: 24/24 MP: 3/7
  1363 | D:2      | Noticed Robin
  1965 | D:2      | Reached skill level 3 in Conjurations
  2215 | D:2      | Reached XP level 5. HP: 28/28 MP: 6/8
  2411 | D:3      | Reached skill level 4 in Conjurations
  2693 | D:3      | Noticed an ogre
  2750 | D:3      | Killed an ogre
  2751 | D:3      | Reached skill level 5 in Conjurations
  2751 | D:3      | Reached XP level 6. HP: 32/32 MP: 1/10
  3038 | D:3      | Found a white marble altar of Elyvilon.
  3368 | D:3      | Found a stormy altar of Qazlal.
  3477 | D:2      | Killed Robin
  4393 | D:4      | Got the Directory of the Tincture and Clay
  4401 | D:4      | Noticed a steam dragon
  4410 | D:4      | Killed a steam dragon
  4411 | D:4      | Reached XP level 7. HP: 3/36 MP: 3/14
  4592 | D:4      | Reached skill level 5 in Spellcasting
  5275 | D:4      | Found a staircase to the Ecumenical Temple.
  5284 | Temple   | Entered the Ecumenical Temple
  5311 | Temple   | Became a worshipper of Vehumet
  5680 | D:5      | Entered Level 5 of the Dungeon
  5686 | D:5      | Identified the +0 leather armour of the Rhinotaur {rPois
                  | MP+9}
  5764 | D:5      | Reached XP level 8. HP: 24/41 MP: 13/17
  6168 | D:5      | Found a blossoming altar of Fedhas.
  6241 | D:5      | Found a runed translucent gate.
  6242 | D:5      | Found a runed translucent gate.
  6242 | D:5      | Found a runed translucent gate.
  6242 | D:5      | Noticed gabibbone's ghost (novice OpSh)
  6671 | D:5      | Found a bloodstained altar of Trog.
  7032 | D:6      | Reached skill level 6 in Conjurations
  7047 | D:6      | Reached skill level 1 in Fighting
  7119 | D:6      | Reached skill level 7 in Conjurations
  7119 | D:6      | Reached XP level 9. HP: 41/47 MP: 21/21
  7265 | D:6      | Noticed Menkaure
  7267 | D:6      | Killed Menkaure
  7425 | D:6      | Reached skill level 8 in Conjurations
  7460 | D:6      | Identified the +3 leather armour of Absolutism {rN+ rCorr
                  | SInv}
  7931 | D:6      | Reached * piety under Vehumet
  7931 | D:6      | Offered knowledge of Freeze by Vehumet.
  8024 | D:6      | Identified the +1 orcbow "Fybom" {drain, Str+2}
  8528 | D:7      | Noticed a red ugly thing
  8529 | D:7      | Noticed a white ugly thing
  8616 | D:7      | Found a shimmering altar of Xom.
  8620 | D:7      | Found a shimmering altar of Xom.
  8620 | D:7      | Found a shimmering altar of Xom.
  8634 | D:7      | Found Ytueme's Armour Boutique.
  9031 | D:7      | Found a hazy altar of Hepliaklqana.
  9113 | D:7      | Noticed an entropy weaver
  9113 | D:7      | Noticed a yaktaur
  9120 | D:7      | a yaktaur changed into a floating eye
  9149 | D:8      | Noticed an eight-headed hydra
  9151 | D:8      | Noticed a manticore
  9155 | D:8      | Noticed a death knight
  9156 | D:8      | Noticed a manticore
  9163 | D:8      | Identified the +8 rapier of Karma {distort, rCorr}
  9163 | D:8      | Noticed a tengu conjurer
  9168 | D:8      | Noticed a red ugly thing
  9175 | D:8      | Noticed a white ugly thing
  9175 | D:8      | Noticed a centaur warrior
  9299 | D:8      | Noticed Maggie
  9772 | D:8      | Killed Maggie
  9773 | D:8      | Reached skill level 9 in Conjurations
  9874 | D:9      | Noticed a polar bear
  9874 | D:9      | Noticed a rime drake
  9875 | D:9      | Reached XP level 10. HP: 53/56 MP: 19/22
 10029 | D:9      | Reached skill level 10 in Conjurations
 10406 | D:9      | Reached skill level 11 in Conjurations
 10426 | D:9      | Found a staircase to the Lair.
 10448 | D:9      | Offered knowledge of Scorch by Vehumet.
 10548 | D:9      | Reached ** piety under Vehumet
 10587 | D:9      | Reached skill level 12 in Conjurations
 10793 | D:9      | Noticed an orange demon
 10813 | D:9      | Killed an orange demon
 11184 | D:9      | Noticed Grum
 11201 | D:9      | Killed Grum
 11202 | D:9      | Reached XP level 11. HP: 61/61 MP: 14/23
 11393 | D:9      | Found a sacrificial altar of Ru.
 11399 | D:9      | Reached skill level 13 in Conjurations
 11457 | D:9      | Found a shimmering blue altar of Sif Muna.
 11671 | D:9      | Noticed Erolcha
 11692 | D:9      | Killed Erolcha
 11926 | D:9      | Found a snail-covered altar of Cheibriados.
 12125 | D:9      | Found a shimmering blue altar of Sif Muna.
 12160 | D:9      | Found a sacrificial altar of Ru.
 12204 | D:9      | Found a staircase to the Lair.
 12269 | D:9      | Found a snail-covered altar of Cheibriados.
 12582 | D:9      | Noticed Amaemon
 12588 | D:9      | Killed Amaemon
 12589 | D:9      | Reached skill level 14 in Conjurations
 12763 | D:10     | Entered Level 10 of the Dungeon
 12794 | D:10     | Offered knowledge of Searing Ray by Vehumet.
 12798 | D:10     | Learned a level 2 spell: Searing Ray
 13261 | D:10     | Found a burning altar of Makhleb.
 13671 | D:10     | Reached *** piety under Vehumet
 13946 | D:10     | Noticed a two-headed ogre
 13955 | D:10     | Killed a two-headed ogre
 14142 | D:10     | Found a staircase to the Orcish Mines.
 14323 | D:5      | Killed gabibbone's ghost
 14324 | D:5      | Reached skill level 10 in Spellcasting
 14420 | Lair:1   | Entered Level 1 of the Lair of Beasts
 14543 | Lair:1   | Found a runed translucent door.
 14543 | Lair:1   | Noticed Swamplord's ghost (journeyman BaSu)
 14584 | Lair:1   | Offered knowledge of Fulminant Prism by Vehumet.
 14588 | Lair:1   | Reached XP level 12. HP: 66/66 MP: 12/26
 14731 | Lair:1   | Learned a level 4 spell: Fulminant Prism
 14989 | Lair:1   | Reached **** piety under Vehumet
 15494 | Lair:1   | Offered knowledge of Yara's Violent Unravelling by Vehumet.
 15920 | Lair:2   | Found a transporter.
 15925 | Lair:2   | Noticed a six-headed hydra
 16007 | Lair:2   | Noticed Nergalle
 16014 | Lair:2   | Killed Nergalle
 16015 | Lair:2   | Reached skill level 15 in Conjurations
 16415 | Lair:1   | Learned a level 6 spell: Starburst
 16419 | Lair:2   | Mangled by a komodo dragon

Illustrated notes

Levels and vault maps discovered:
D:1:      dpeg_arrival_prison, layout_loops_ring
D:2:      layout_loops_corners, minmay_snake_closets, uniq_robin
D:3:      layout_loops_ring, mainiacjoe_overflow_chevrons,
          nicolae_qazlal_eye_of_the_storm, minmay_ogre_servants
D:4:      layout_cave_pods, minmay_temple_entry_statues, minmay_fire_ice_demons
D:5:      layout_basic, mainiacjoe_overflow_catwalk_spiral,
          ebering_ghost_rock_garden
D:6:      layout_gridville, serial_bayou_pond_b, uniq_menkaure
D:7:      layout_cave_pools, xom_shifter_show, nicolae_hepliaklqana_hippocampus,
          serial_shops, shop, lightli_corner_chamber
D:8:      layout_basic, minivault_12, uniq_maggie
D:9:      layout_stronghold, lemuel_crystal_altar,
          mainiacjoe_overflow_catch_the_wave, hellmonk_lair_entry_icy,
          uniq_erolcha, uniq_amaemon, uniq_grum
D:10:     layout_loops_ring, mainiacjoe_overflow_cross_hatched,
          hiddenorc1_lemuel, nrook_mini_backslash, minmay_rotating_lava
Temple:   hc_temple_tempest_star
Lair:1:   layout_regular_city, hellmonk_ghost_happy_afterlife,
          chequers_serial_rivers_small_3, chequers_serial_rivers_small_a,
          serial_bayou_shore_a, infiniplex_staircase_pool, lemuel_fruit_fields
Lair:2:   layout_roguey, minmay_swamp_entry_worms,
          nicolae_spider_entry_orb_guardian, nzn_ghost_randoct, uniq_urug,
          uniq_nergalle

Skill      XL: |  1  2  3  4  5  6  7  8  9 10 11 12 |
---------------+-------------------------------------+-----
Earth Magic    | 4 5 8 |  8.0
Conjurations   | 2 3 5 7 9 12 14 15 | 15.1
Spellcasting   | 4 6 8 10 11 | 11.5
Fighting       | 1 3 4 |  4.0
Dodging        | 2 |  2.0
Stealth        | 4 |  4.0
Transmutations | |  0.7

Action                     |  1- 3 |  4- 6 |  7- 9 | 10-12 || total
---------------------------+-------+-------+-------+-------++-------
  Melee: Unarmed           |       |     2 |       |       ||     2
         Whip              |       |       |       |     3 ||     3
  Throw: Dart              |       |     1 |       |       ||     1
         Throwing net      |       |       |     2 |       ||     2
   Cast: Sandblast         |    45 |    82 |   120 |    25 ||   272
         Stone Arrow       |       |     6 |    54 |   166 ||   226
         Searing Ray       |       |       |       |    33 ||    33
         Fulminant Prism   |       |       |       |     6 ||     6
    Use: Scroll            |       |       |     2 |     1 ||     3
 Armour: Robe              |     5 |     8 |     4 |       ||    17
         Leather armour    |       |       |    58 |    53 ||   111
  Dodge: Dodged            |     7 |    13 |    73 |   154 ||   247

Table legend: (Time is in decaauts)
 A = Elapsed time spent in this place.
 B = Non-inter-level travel time spent in this place.
 C = Inter-level travel time spent in this place.
 D = Time resting spent in this place.
 E = Time spent auto-exploring this place.
 F = Levels seen in this place.
 G = Mean time per level.
                   A        B        C        D        E       F      G
               +--------+--------+--------+--------+--------+-----+--------+
         Total |  16584 |  15657 |    927 |   4862 |   8754 |  13 | 1275.7 |
       Dungeon |  14649 |  13905 |    744 |   4175 |   7975 |  10 | 1464.9 |
        Temple |     54 |      1 |     53 |      0 |      0 |   1 |   54.0 |
          Lair |   1880 |   1750 |    130 |    687 |    778 |   2 |  940.0 |
               +--------+--------+--------+--------+--------+-----+--------+

Top non-repeatable levels by time:
     D:9: 2655 daAuts
     D:2: 2152 daAuts
  Lair:1: 1696 daAuts
     D:4: 1477 daAuts
     D:6: 1475 daAuts
    D:10: 1430 daAuts
     D:5: 1266 daAuts
     D:8: 1236 daAuts
     D:1: 1181 daAuts
     D:3: 1055 daAuts
     D:7: 717 daAuts
  Lair:2: 184 daAuts
  Temple: 54 daAuts
